 Dungeon Crawl Stone Soup version 0.19-a0-994-g3c636f0 (webtiles) character file.

234 4thArraOfDagon the Firebug (level 5, 0/28 HPs)
             Began as a Deep Elf Fire Elementalist on July 17, 2016.
             Was an Initiate of Ashenzari.
             Slain by Psyche
             ... wielding a +3 dagger of distortion
              (5 damage)
             ... on level 8 of the Dungeon.
             The game lasted 00:05:44 (908 turns).

4thArraOfDagon the Firebug (DEFE)                    Turns: 908, Time: 00:05:45

Health: 0/28       AC:  4    Str:  5    XL:     5   Next: 75%
Magic:  2/13       EV: 13    Int: 21    God:    Ashenzari [......]
Gold:   109        SH:  0    Dex: 15    Spells: 3 memorised, 4 levels left

rFire  . . .     SeeInvis .     d - +1 whip
rCold  . . .     Gourm    .     g - +0 robe (curse)
rNeg   . . .     Faith    .     (no shield)
rPois  .         Spirit   .     (no helmet)
rElec  .         Dismiss  .     (no cloak)
rCorr  .         Reflect  .     (no gloves)
SustAt .         Harm     .     f - +1 pair of boots
MR     .....                    (no amulet)
Stlth  ++........               (no ring)
                                (no ring)

@: very slightly contaminated, hasted, very quick, not resistant to hostile
enchantments, unstealthy
A: no striking features
a: Curse Item, Renounce Religion


You were on level 8 of the Dungeon.
You worshipped Ashenzari.
Ashenzari was noncommittal.
You were hungry.

You visited 1 branch of the dungeon, and saw 8 of its levels.
You visited the Abyss 1 time.

You collected 109 gold pieces.

Inventory:

Hand Weapons
 d - a +1 whip (weapon)
Armour
 a - a +0 robe
 f - a +1 pair of boots (worn)
 g - a cursed +0 robe (worn)
Wands
 e - a wand of flame (23/48)
Scrolls
 j - 3 scrolls of identify
 k - 2 scrolls of remove curse
 l - a scroll of amnesia
Potions
 h - a potion of haste
Books
 b - a book of Flames

   Spells                             Type                      Level
   a - Flame Tongue                   Conjuration/Fire             1
   b - Throw Flame                    Conjuration/Fire             2
   c - Conjure Flame                  Conjuration/Fire             3
   d - Inner Flame                    Hexes/Fire                   3
   e - Sticky Flame                   Conjuration/Fire             4
   f - Fireball                       Conjuration/Fire             5
Comestibles
 c - 2 bread rations


   Skills:
 - Level 2.4 Dodging
 - Level 2.5 Stealth
 + Level 4.4 Spellcasting
 * Level 4.0 Conjurations
 * Level 5.2 Fire Magic


You had 4 spell levels left.
You knew the following spells:

 Your Spells              Type           Power        Failure   Level  Hunger
a - Flame Tongue          Conj/Fire      ###..        1%          1    None
b - Conjure Flame         Conj/Fire      ###.....     6%          3    ##.....
c - Sticky Flame          Conj/Fire      ###.....     21%         4    ####...


Dungeon Overview and Level Annotations

Branches:
Dungeon (8/15)
 Temple: D:4-7         Lair: D:8-11

Altars:
Ashenzari
Nemelex Xobeh

Annotations:
D:6 Grinder
D:8 Psyche


Message History

Confirm with . or Enter, or press ? or * to list all spells.
Aiming: Sticky Flame
Press: ? - help, Shift-Dir - straight line, f - Psyche
Aim: Psyche, wielding a dagger of distortion and wearing a robe (black smoke, lightly wounded)
You miscast Sticky Flame.
You hear a sizzling sound.
Psyche casts a spell.
Psyche seems to speed up.
Unknown command.
Enter note: Level annotation: Psyche Welcome back, 4thArraOfDagon the Deep Elf Fire Elementalist.
Ashenzari says: Partake of my vision.
Partake of my curse.
Press ? for a list of commands and other information.
Unknown command.
Unknown command.
Psyche hits you with a dagger of distortion!
* * * LOW HITPOINT WARNING * * *
Space bends around you.
You die...

........(#.........#
#.<..
.........#.........#
#....
###########........#
###<...
............#####
#......
...#...#....#...#
#......
............#...#
#......
...#...#...§#§..#
#......
...........§§§§§#
#......
########....#@@§#
#.....# #.....#§§§#
#.....# #.....#§§§#
+....<# #.....#§§§#
#.....# +.....#...#
#.....# #.....#...#
#.....#
#..@.$..#...#
#.....+
#.......#####
.......# +........
........#


You could see Psyche.

Vanquished Creatures
  A giant frog (D:8)
  A water moccasin zombie (D:8)
  A giant frog zombie (D:7)
  A hound (D:7)
  A worker ant (D:7)
  A hound skeleton (D:4)
  A giant gecko (D:2)
  A ball python (D:2)
  A giant cockroach (D:2)
  3 jackals (D:1)
  A bat (D:3)
  4 giant newts
  A kobold (D:1)
  3 rats
21 creatures vanquished.

Notes
Turn   | Place    | Note
-------+----------+-------------------------------------------
     0 | D:1      | 4thArraOfDagon the Deep Elf Fire Elementalist began the quest for the Orb.
     0 | D:1      | Reached XP level 1. HP: 10/10 MP: 6/6
    81 | D:1      | RIP
   136 | D:2      | Reached XP level 2. HP: 4/15 MP: 1/8
   158 | D:2      | Found a sparkling altar of Nemelex Xobeh.
   430 | D:5      | Entered Level 5 of the Dungeon
   435 | D:5      | Noticed a killer bee
   435 | D:5      | Noticed a killer bee
   437 | D:5      | LOl
   459 | D:4      | You fall through a shaft for 3 floors!
   489 | D:7      | Noticed a giant frog
   501 | D:7      | Reached skill level 4 in Fire Magic
   501 | D:7      | Reached XP level 3. HP: 17/19 MP: 6/10
   506 | D:7      | Learned a level 3 spell: Conjure Flame
   528 | D:6      | Noticed a slave
   528 | D:6      | Noticed a slave
   528 | D:6      | Noticed a slave
   528 | D:6      | Noticed a slave
   564 | D:6      | Noticed Grinder
   567 | D:6      | Paralysed by Grinder for 5 turns
   651 | D:7      | Reached XP level 4. HP: 10/24 MP: 4/11
   661 | D:7      | Found a shattered altar of Ashenzari.
   662 | D:7      | hm
   664 | D:7      | lets see
   711 | D:7      | Became a worshipper of Ashenzari the Shackled
   758 | D:8      | Noticed a giant frog
   764 | D:8      | Killed a giant frog
   764 | D:8      | Reached XP level 5. HP: 22/28 MP: 6/13
   770 | D:8      | Learned a level 4 spell: Sticky Flame
   794 | D:8      | Reached skill level 5 in Fire Magic
   861 | D:8      | Noticed Psyche
   882 | D:8      | RIP
   889 | D:8      | Cast into level 2 of the Abyss (Psyche)
   905 | D:8      | Escaped the Abyss
   908 | D:8      | Slain by Psyche

Vault maps used:
D:1:      dpeg_arrival_ternary
D:2:      old_standard_altar, nemelex_altar_shiori, cheibriados_altar_1
D:3:      minmay_wonky_spiral, uniq_iyjb
D:4:      nicolae_overflow_crystal_walls, first_bread
D:5:      gup_sewer_entry_spiral, uniq_duvessa
D:6:      lemuel_crystal_altar, nrook_mini_vaults, uniq_blork_the_orc,
          uniq_grinder, uniq_pikel
D:7:      nicolae_dithmenos_the_darkroom, kennysheep_little_box, uniq_joseph
D:8:      marbit_many_paths, lemuel_coloured_pillars_altar, uniq_prince_ribbit1,
          uniq_gastronok, uniq_psyche

Skill      XL: |  1  2  3  4  5 |
---------------+----------------+-----
Conjurations   | 2 3 4 |  4.0
Fire Magic     | 4 5 |  5.2
Spellcasting   | 4 |  4.4
Dodging        | |  2.4
Stealth        | |  2.5

Action                   |  1- 3 |  4- 6 || total
-------------------------+-------+-------++-------
Melee: Whip              |     5 |       ||     5
 Cast: Flame Tongue      |    32 |    13 ||    45
       Conjure Flame     |     2 |     3 ||     5
       Sticky Flame      |       |     1 ||     1
Evoke: Wand              |     5 |       ||     5
  Use: Scroll            |     5 |     5 ||    10
       Potion            |       |     3 ||     3
 Stab: Sleeping          |     1 |       ||     1
Armor: Robe              |     5 |       ||     5
       Skin              |       |     3 ||     3
Dodge: Dodged            |    13 |     3 ||    16
